AoeStats
← naphtaligrauer16

Fortress

510514321Analyzed
1v1 RM · 2d ago on Oct 1, 2026· 18m 43s· 2 players
Game mode
Random Map
Map size
Small (3 player)
Population
200
Speed
Normal
Resources
Standard
Victory
Conquest
Starting age
Dark Age
Ending age
Imperial Age
RankedLock teamsTeams togetherTeam positionsShared explorationLock speedFull tech treeHidden civsTurbo modeCheats
Victory
Defeat
🇩🇪 Malay · Germany
1491
+13
🇻🇳 Vietnamese · Vietnam
1430
-13
naphtaligrauer16
6:30 Feudal Age
5:59 Horse Collar
6:10 Double-Bit Axe
6:29 Gold Mining
13:20 Castle Age
11:08 Loom
12:19 Stone Mining
14:02 Bow Saw
17:03 Wheelbarrow
demon
5:32 Loom
7:57 Feudal Age
9:05 Double-Bit Axe
9:04 Horse Collar
12:25 Castle Age
13:21 Bow Saw
14:24 Heavy Plow
Connection lost

Rejoining the realm…

Still unreachable

The connection could not be restored.

Session expired

The server has moved on; the page needs a fresh start.